PIO (24 & UNDER)
SEATTLE RAINIERS @ SALEM SLEDGEHAMMERS
09/09/2030
 
TOP OF THE 1ST
Seattle Rainiers batting - Pitching for Salem Sledgehammers : LHP Gerardo Vázquez
Pitching: LHP Gerardo Vázquez
Batting: SHB Javier Contreras 0-0: Ball
1-0: Ball
2-0: Foul Ball, location: 2F
2-1: Foul Ball, location: 2F
2-2: Strikes out swinging
Batting: SHB Troy Holland 0-0: Ball
1-0: Swinging Strike
1-1: Reached on error, E6 (Groundball, 56)
Batting: RHB Jesús Ortíz 0-0: Ball
1-0: Swinging Strike
1-1: Ball
2-1: Grounds into double play, 4-6-3 (Groundball, 4)
Top of the 1st over - 0 runs, 0 hits, 1 error, 0 left on base; Seattle 0 - Salem 0
BOTTOM OF THE 1ST
Salem Sledgehammers batting - Pitching for Seattle Rainiers : LHP Nick Thornton
Pitching: LHP Nick Thornton
Batting: RHB Ben Simpson 0-0: Ball
1-0: Ball
2-0: Ball
3-0: Called Strike
3-1: Foul Ball, location: 2F
3-2: Base on Balls
Batting: LHB José Rivas 0-0: Ball
1-0: TRIPLE (Line Drive, 9D)
Ben Simpson scores
Batting: SHB Honorato Díaz 0-0: Ball
1-0: Foul Ball, location: 2F
1-1: Ball
2-1: Foul Ball, location: 2F
2-2: Ball
3-2: SINGLE (Groundball, 4M) (infield hit)
José Rivas scores
Batting: LHB Marvin Jones 0-0: Ball
1-0: Ball
2-0: Foul Ball, location: 2F
2-1: Ball
3-1: Foul Ball, location: 2F
3-2: Foul Ball, location: 2F
3-2: Strikes out looking
Honorato Díaz is caught stealing 2nd base
Batter strikes out.
Batting: RHB Roberto Landavazo 0-0: Called Strike
0-1: Ball
1-1: Swinging Strike
1-2: Ball
2-2: Fly out, F9 (Flyball, 9S)
Bottom of the 1st over - 2 runs, 2 hits, 0 errors, 0 left on base; Seattle 0 - Salem 2
TOP OF THE 2ND
Seattle Rainiers batting - Pitching for Salem Sledgehammers : LHP Gerardo Vázquez
Batting: RHB Chad Battle 0-0: Ball
1-0: Ball
2-0: Fly out, F9 (Flyball, 9)
Batting: RHB Fred McPhun 0-0: Called Strike
0-1: DOUBLE (Line Drive, 3D)
Batting: RHB Jeff Lawrence 0-0: Ball
Wild Pitch!
Fred McPhun to third
1-0: Foul Ball, location: 2F
1-1: Foul Ball, location: 2F
1-2: Ground out 6-3 (Groundball, 6)
Fred McPhun scores
Batting: SHB Emílio Romero 0-0: Called Strike
0-1: Ball
1-1: Fly out, F8 (Flyball, 8LM)
Top of the 2nd over - 1 run, 1 hit, 0 errors, 0 left on base; Seattle 1 - Salem 2
BOTTOM OF THE 2ND
Salem Sledgehammers batting - Pitching for Seattle Rainiers : LHP Nick Thornton
Batting: RHB José Sosa 0-0: Called Strike
0-1: Called Strike
0-2: Ball
1-2: Ball
2-2: Ball
3-2: Foul Ball, location: 2F
3-2: SINGLE (Line Drive, 8LS)
Batting: RHB Ricardo Tirado 0-0: Foul Ball, location: 2F
0-1: Foul Ball, location: 2F
0-2: Ball
1-2: Foul Ball, location: 2F
1-2: Reached on error, E6 (Groundball, 6)
José Sosa to second
Batting: LHB Roberto Flores 0-0: Ball
1-0: Ball
2-0: Ground out U3 (Groundball, 34S)
José Sosa to third
Ricardo Tirado to second
Batting: LHB Adrian Neal 0-0: Ball
1-0: Called Strike
1-1: Foul Ball, location: 2F
1-2: Foul Ball, location: 2F
1-2: Foul Ball, location: 2F
1-2: Foul Ball, location: 2F
1-2: Strikes out swinging
Batting: RHB Ben Simpson 0-0: SINGLE (Groundball, 25) (infield hit)
José Sosa scores
Ricardo Tirado to third
Batting: LHB José Rivas 0-0: Ball
1-0: Fly out, F9 (Flyball, 89S)
Bottom of the 2nd over - 1 run, 2 hits, 1 error, 2 left on base; Seattle 1 - Salem 3
TOP OF THE 3RD
Seattle Rainiers batting - Pitching for Salem Sledgehammers : LHP Gerardo Vázquez
Batting: LHB Alarico Sloet tot Everlo 0-0: Ball
1-0: DOUBLE (Line Drive, 9LM)
Batting: RHB Cal Cox 0-0: Fly out, F7 (Line Drive, 7D)
Batting: SHB Javier Contreras 0-0: Swinging Strike
0-1: Reached on error, E6 (Groundball, 6)
Alarico Sloet tot Everlo scores
Batting: SHB Troy Holland 0-0: SINGLE (Groundball, 6MD)
Javier Contreras to third
Runner from 3rd tries for Home, SAFE, no throw
Batting: RHB Jesús Ortíz 0-0: Ball
1-0: SINGLE (Groundball, 3D)
Troy Holland to second
Runner from 2nd tries for 3rd, SAFE, no throw
Batting: RHB Chad Battle 0-0: Grounds into double play, 4-6-3 (Groundball, 4M)
Top of the 3rd over - 2 runs, 3 hits, 1 error, 1 left on base; Seattle 3 - Salem 3
BOTTOM OF THE 3RD
Salem Sledgehammers batting - Pitching for Seattle Rainiers : LHP Nick Thornton
Batting: SHB Honorato Díaz 0-0: Ball
1-0: Foul Ball, location: 2F
1-1: Ground out 6-3 (Groundball, 6S)
Batting: LHB Marvin Jones 0-0: Foul Ball, location: 2F
0-1: Foul Ball, location: 2F
0-2: Ball
1-2: Ball
2-2: SINGLE (Flyball, 9LM) - OUT at second base trying to stretch hit.
Batting: RHB Roberto Landavazo 0-0: Swinging Strike
0-1: Ball
1-1: Ball
2-1: Ball
3-1: Called Strike
3-2: Foul Ball, location: 2F
3-2: Foul Ball, location: 2F
3-2: Ground out 6-3 (Groundball, 6)
Bottom of the 3rd over - 0 runs, 1 hit, 0 errors, 0 left on base; Seattle 3 - Salem 3
TOP OF THE 4TH
Seattle Rainiers batting - Pitching for Salem Sledgehammers : LHP Gerardo Vázquez
Batting: RHB Fred McPhun 0-0: SINGLE (Groundball, 4MD)
Batting: RHB Jeff Lawrence 0-0: Called Strike
0-1: Ball
1-1: Foul Ball, location: 2F
1-2: Foul Ball, location: 2F
1-2: Ball
2-2: Ball
3-2: SINGLE (Groundball, 56D)
Fred McPhun to second
Batting: SHB Emílio Romero 0-0: Ball
1-0: Ball
2-0: Ground out 5-3 (Groundball, 56)
Fred McPhun to third
Jeff Lawrence to second
Batting: LHB Alarico Sloet tot Everlo 0-0: Ball
1-0: Called Strike
1-1: Foul Ball, location: 2F
1-2: Strikes out swinging
Batting: RHB Cal Cox 0-0: Ball
1-0: Foul Ball, location: 2F
1-1: Ball
2-1: Foul Ball, location: 2F
2-2: Ball
3-2: Base on Balls
Batting: SHB Javier Contreras 0-0: Foul Ball, location: 2F
0-1: Ground out U3 (Groundball, 3L)
Top of the 4th over - 0 runs, 2 hits, 0 errors, 3 left on base; Seattle 3 - Salem 3
BOTTOM OF THE 4TH
Salem Sledgehammers batting - Pitching for Seattle Rainiers : LHP Nick Thornton
Batting: RHB José Sosa 0-0: Swinging Strike
0-1: SINGLE (Line Drive, 89S)
Batting: RHB Ricardo Tirado 0-0: Called Strike
0-1: Foul Ball, location: 2F
0-2: Strikes out swinging
Batting: LHB Roberto Flores 0-0: Called Strike
0-1: SINGLE (Line Drive, 7S)
José Sosa to second
Batting: LHB Adrian Neal 0-0: Swinging Strike
0-1: Ball
1-1: Foul Ball, location: 2F
1-2: Ball
2-2: Ball
3-2: Fly out, F3 (Popup, 3SF)
Batting: RHB Ben Simpson 0-0: Ball
1-0: Ball
2-0: Called Strike
2-1: Swinging Strike
2-2: Ball
3-2: Ground out 6-3 (Groundball, 56)
Bottom of the 4th over - 0 runs, 2 hits, 0 errors, 2 left on base; Seattle 3 - Salem 3
TOP OF THE 5TH
Seattle Rainiers batting - Pitching for Salem Sledgehammers : LHP Gerardo Vázquez
Batting: SHB Troy Holland 0-0: Hit by Pitch
Batting: RHB Jesús Ortíz 0-0: Ball
1-0: Ball
2-0: Ball
3-0: Base on Balls
Troy Holland to second
Batting: RHB Chad Battle 0-0: Ball
1-0: Fly out, F8 (Flyball, 8RM)
Batting: RHB Fred McPhun 0-0: Swinging Strike
0-1: Foul Ball, location: 2F
0-2: Foul Ball, location: 2F
0-2: Ball
1-2: Strikes out swinging
Batting: RHB Jeff Lawrence 0-0: Ball
1-0: Called Strike
1-1: Called Strike
1-2: Ball
2-2: Ball
3-2: Base on Balls
Troy Holland to third
Jesús Ortíz to second
Batting: SHB Emílio Romero 0-0: Swinging Strike
0-1: Called Strike
0-2: Foul Ball, location: 2F
0-2: Foul Ball, location: 2F
0-2: Ball
1-2: Foul Ball, location: 2F
1-2: Strikes out swinging
Top of the 5th over - 0 runs, 0 hits, 0 errors, 3 left on base; Seattle 3 - Salem 3
BOTTOM OF THE 5TH
Salem Sledgehammers batting - Pitching for Seattle Rainiers : LHP Nick Thornton
Batting: LHB José Rivas 0-0: Called Strike
0-1: Swinging Strike
0-2: Fly out, F5 (Line Drive, 56)
Batting: SHB Honorato Díaz 0-0: Called Strike
0-1: Ball
1-1: Ball
2-1: Swinging Strike
2-2: Strikes out swinging
Batting: LHB Marvin Jones 0-0: Swinging Strike
0-1: Swinging Strike
0-2: Ball
1-2: Strikes out looking
Bottom of the 5th over - 0 runs, 0 hits, 0 errors, 0 left on base; Seattle 3 - Salem 3
TOP OF THE 6TH
Seattle Rainiers batting - Pitching for Salem Sledgehammers : LHP Gerardo Vázquez
Batting: LHB Alarico Sloet tot Everlo 0-0: Ball
1-0: Ground out 5-3 (Groundball, 56)
Batting: RHB Cal Cox 0-0: Ball
1-0: Foul Ball, location: 2F
1-1: Called Strike
1-2: Ball
2-2: Strikes out swinging
Batting: SHB Javier Contreras 0-0: Ball
1-0: SINGLE (Line Drive, 56)
Batting: SHB Troy Holland 0-0: Ball
1-0: Foul Ball, location: 2F
1-1: Ball
2-1: Ground out 6-3 (Groundball, 56)
Top of the 6th over - 0 runs, 1 hit, 0 errors, 1 left on base; Seattle 3 - Salem 3
BOTTOM OF THE 6TH
Salem Sledgehammers batting - Pitching for Seattle Rainiers : LHP Nick Thornton
Pitching: RHP Tony Gaiván
Batting: RHB Roberto Landavazo 0-0: Ball
1-0: Ball
2-0: Ball
3-0: Called Strike
3-1: Base on Balls
Batting: RHB José Sosa 0-0: Ball
1-0: Ground out U3 (Groundball, 34S)
Roberto Landavazo to second
Batting: RHB Ricardo Tirado 0-0: Ball
1-0: Swinging Strike
1-1: Swinging Strike
1-2: Ball
2-2: Foul Ball, location: 2F
2-2: Strikes out looking
Batting: LHB Roberto Flores 0-0: Ball
1-0: Swinging Strike
1-1: Foul Ball, location: 2F
1-2: Ball
2-2: Strikes out swinging
Bottom of the 6th over - 0 runs, 0 hits, 0 errors, 1 left on base; Seattle 3 - Salem 3
TOP OF THE 7TH
Seattle Rainiers batting - Pitching for Salem Sledgehammers : LHP Gerardo Vázquez
Pitching: RHP Dave Wilson
Batting: RHB Jesús Ortíz 0-0: Ball
1-0: Fly out, F9 (Line Drive, 9D)
Batting: RHB Chad Battle 0-0: Called Strike
0-1: Foul Ball, location: 2F
0-2: Fly out, F8 (Flyball, 8LXD)
Batting: RHB Fred McPhun 0-0: SINGLE (Line Drive, 56)
Pinch Hitting: LHB Darren Cook 0-0: Ball
1-0: Ball
2-0: Ground out 1-3 (Groundball, 13S)
Top of the 7th over - 0 runs, 1 hit, 0 errors, 1 left on base; Seattle 3 - Salem 3
BOTTOM OF THE 7TH
Salem Sledgehammers batting - Pitching for Seattle Rainiers : RHP Tony Gaiván
Pitching: LHP Scott White
Now in LF: Ramón Ramírez
Pinch Hitting: LHB James Navarro 0-0: SINGLE (Line Drive, 9LS)
Pitching: RHP Pedro Molina
Pinch Runner at 1st Robert Lancaster:
Batting: RHB Ben Simpson 0-0: Bunt - Flyout! F1
Batting: LHB José Rivas 0-0: Ball
Throwing error on steal attempt, E2
Robert Lancaster to third
1-0: Intentional Walk
Pinch Hitting: LHB Larry Bradley 0-0: Called Strike
0-1: Ball
1-1: Ball
2-1: Ball
3-1: Called Strike
3-2: Fielders Choice at 2nd, 6-4 (Groundball, 6)
Robert Lancaster scores
Batting: LHB Marvin Jones 0-0: Called Strike
Larry Bradley is caught stealing 2nd base
Bottom of the 7th over - 1 run, 1 hit, 1 error, 0 left on base; Seattle 3 - Salem 4
TOP OF THE 8TH
Seattle Rainiers batting - Pitching for Salem Sledgehammers : RHP Dave Wilson
Pitching: RHP Luis Rosado
Now at 3B: Robert Lancaster
Now at SS: Jeffrey Dunbar
Now in LF: Larry Bradley
Batting: SHB Emílio Romero 0-0: Called Strike
0-1: Swinging Strike
0-2: Ball
1-2: Strikes out looking
Batting: LHB Alarico Sloet tot Everlo 0-0: SINGLE (Flyball, 78M)
Pinch Hitting: RHB John Eaves 0-0: Called Strike
0-1: Swinging Strike
0-2: Ball
1-2: Foul Ball, location: 2F
1-2: Foul Ball, location: 2F
1-2: Strikes out looking
Pinch Hitting: RHB Carl Curry 0-0: Called Strike
0-1: Swinging Strike
0-2: Fly out, F7 (Flyball, 7)
Top of the 8th over - 0 runs, 1 hit, 0 errors, 1 left on base; Seattle 3 - Salem 4
BOTTOM OF THE 8TH
Salem Sledgehammers batting - Pitching for Seattle Rainiers : RHP Pedro Molina
Now at 2B: Carl Curry
Now in RF: David Pérez
Batting: LHB Marvin Jones 0-0: SINGLE (Groundball, 4MD)
Batting: RHB Roberto Landavazo 0-0: Ball
1-0: Ball
2-0: Ball
3-0: Called Strike
3-1: Called Strike
3-2: Fly out, F7 (Flyball, 7S)
Batting: RHB José Sosa 0-0: Swinging Strike
0-1: Ball
1-1: Fly out, F8 (Flyball, 8RD)
Batting: RHB Ricardo Tirado 0-0: DOUBLE (Flyball, 89D)
Marvin Jones to third
Runner from 3rd tries for Home, SAFE, no throw
Batting: LHB Roberto Flores 0-0: Ball
1-0: Ball
2-0: Ball
3-0: Called Strike
3-1: Called Strike
3-2: Base on Balls
Pinch Hitting: SHB Luis Rodríguez 0-0: Ball
1-0: Foul Ball, location: 2F
1-1: Swinging Strike
1-2: Ball
2-2: Fielders Choice at 2nd, 6-4 (Groundball, 6)
Bottom of the 8th over - 1 run, 2 hits, 0 errors, 2 left on base; Seattle 3 - Salem 5
TOP OF THE 9TH
Seattle Rainiers batting - Pitching for Salem Sledgehammers : RHP Luis Rosado
Pitching: RHP Clay White
Now at 3B: Luis Rodríguez
Batting: SHB Troy Holland 0-0: Called Strike
0-1: Ball
1-1: Ball
2-1: Swinging Strike
2-2: Ball
3-2: Base on Balls
Batting: RHB Jesús Ortíz 0-0: Ball
1-0: 2-RUN HOME RUN (Flyball, 7LD), Distance : 387 ft
Batting: RHB Chad Battle 0-0: Ball
1-0: Called Strike
1-1: Ball
2-1: Ball
3-1: Called Strike
3-2: Strikes out looking
Batting: RHB Fred McPhun 0-0: Called Strike
0-1: Swinging Strike
0-2: Foul Ball, location: 2F
0-2: Ball
1-2: Ball
2-2: Strikes out swinging
Batting: LHB Ramón Ramírez 0-0: Ball
1-0: Fly out, F8 (Line Drive, 8RD)
Top of the 9th over - 2 runs, 1 hit, 0 errors, 0 left on base; Seattle 5 - Salem 5
BOTTOM OF THE 9TH
Salem Sledgehammers batting - Pitching for Seattle Rainiers : RHP Pedro Molina
Pinch Hitting: RHB Miguel Rodríguez 0-0: Ball
1-0: Ball
2-0: Ball
3-0: Base on Balls
Batting: LHB José Rivas 0-0: Ball
1-0: Ball
Miguel Rodríguez is caught stealing 2nd base
2-0: SOLO HOME RUN (Flyball, 89XD), Distance : 423 ft
Saturday, April 7th, 2018 - OOTP Baseball 18.8 Build 76